 Dungeon Crawl Stone Soup version 0.26-b1-57-gb162d0664a (webtiles) character file.

Game seed: 14523314786511628421

30743 OdinFK the Fighter (level 13, -7/125 HPs)
             Began as a Minotaur Berserker on Jan 8, 2021.
             Was a High Priest of Trog.
             Killed by the raging water
             ... invoked by a water nymph
              (17 damage)
             ... on level 1 of the Shoals.
             The game lasted 00:47:24 (10656 turns).

OdinFK the Fighter (Minotaur Berserker)            Turns: 10656, Time: 00:47:25

Health: -7/125     AC: 31    Str: 28    XL:     13   Next: 22%
Magic:  12/12      EV:  7    Int:  4    God:    Trog [*****.]
Gold:   723        SH:  0    Dex: 15    Spells: 12/12 levels left

rFire    + . .     SeeInvis .   z - +8 frozen axe "Frostbite" {freezing cloud, *Noise +Fly rC+}
rCold    + . .     Faith    .   (shield currently unavailable)
rNeg     . . .     Spirit   .   L - +1 crystal plate armour
rPois    .         Reflect  .   G - +2 hat
rElec    .         Harm     .   C - scarf {+Inv}
rCorr    .         Rampage  .   P - +1 pair of gloves
Will     ++...                  d - +1 pair of boots
Stlth    ..........             (no amulet)
HPRegen  1.30/turn              e - +6 ring of dexterity
MPRegen  0.13/turn              B - ring of protection from fire

@: about to teleport, regenerating, very slow
A: retaliatory headbutt, horns 2
a: Renounce Religion, Evoke Invisibility, Evoke Flight, Berserk, Trog's Hand,
Brothers in Arms


You were on level 1 of the Shoals.
You worshipped Trog.
Trog was extremely pleased with you.
You visited 4 branches of the dungeon, and saw 19 of its levels.
You also visited: Bailey.

You collected 872 gold pieces.
You spent 149 gold pieces at shops.

Inventory:

Hand Weapons
 a - a +0 mace
 z - the +8 frozen axe "Frostbite" (weapon) {freezing cloud, *Noise +Fly rC+}
   (You found it on level 6 of the Dungeon)

   It has been specially enchanted to freeze those struck by it, causing extra
   injury to most foes and up to half again as much damage against particularly
   susceptible opponents.
   It can also slow down cold-blooded creatures.
   It protects you from cold.
   It lets you fly.
   It may make noises in combat.
 H - a +3 antimagic dire flail
 R - a +0 antimagic great mace
Missiles
 f - 60 poisoned darts (quivered)
 g - a javelin
 K - 10 boomerangs
Armour
 d - a +1 pair of boots (worn)
 m - a +0 buckler
 s - the +1 plate armour of the Heavens {*Drain rF+++ Dex+2}
   (You found it on level 2 of the Lair of Beasts)

   It affects your dexterity (+2).
   It renders you almost immune to fire.
   It causes draining when unequipped.
 C - a scarf of invisibility (worn)
 G - a +2 hat (worn)
 L - a +1 crystal plate armour (worn)
 P - a +1 pair of gloves (worn)
Jewellery
 e - a +6 ring of dexterity (left hand)
 A - an uncursed ring of ice
 B - a ring of protection from fire (right hand)
 F - an uncursed ring of resist corrosion
Wands
 n - a wand of digging (7)
 p - a wand of paralysis (15)
 D - a wand of iceblast (15)
 E - a wand of acid (12)
 J - a wand of flame (17)
 M - a wand of disintegration (14)
Scrolls
 h - 3 scrolls of immolation
 i - 5 scrolls of identify
 k - a scroll of magic mapping
 r - 5 scrolls of enchant weapon
 t - 6 scrolls of teleportation
 u - 3 scrolls of remove curse
 y - a scroll of enchant armour
 N - a scroll of fear {unknown}
 O - a scroll of amnesia {unknown}
 Q - a scroll of noise {unknown}
Potions
 b - 2 potions of mutation
 c - 6 potions of curing
 l - 2 potions of attraction
 o - 3 potions of flight
 q - a potion of degeneration {unknown}
 v - 3 potions of magic
 w - a potion of heal wounds
 I - 2 potions of lignification
Miscellaneous
 j - a lightning rod (4/4)


   Skills:
 + Level 14.8 Fighting
 - Level 13.3(14.0) Axes
 - Level 7.3(11.3) Maces & Flails
 - Level 2.3(2.8) Slings
 - Level 2.0(2.4) Throwing
 + Level 14.0 Armour
 - Level 2.1 Dodging
 - Level 6.0 Evocations


You had 12 spell levels left.
You didn't know any spells.
Your spell library was empty.

Dungeon Overview and Level Annotations

Branches:
Dungeon (15/15)            Temple (1/1) D:7            Lair (2/6) D:11
 Shoals (1/4) Lair:2        Snake (0/4) Lair:2       Bailey (visited)
    Orc: D:9-12      Vaults: D:13-14     Depths: D:15

Altars:
Ashenzari
Gozag
Nemelex Xobeh
Ru
Zin

Shops:
D:11 *

Annotations:
D:2 Sigmund


Innate Abilities, Weirdness & Mutations

You reflexively headbutt those who attack you in melee.
You have a pair of horns on your head.


Message History

Press: ? - help, Shift-Dir - straight line The mass of ice explodes!
The iceblast engulfs the water nymph!
You kill the water nymph!
Trog accepts your kill.
Trog appreciates your killing of a magic user.
You feel yourself speed up.
You hear a shout!
Your Armour skill increases to level 14!
Your skin crawls.
You feel strong-willed.
Splash!
You fall into the shallow water.
Moving in this stuff is going to be slow.
A water nymph comes into view.
As you read the scroll of teleportation, it crumbles to dust.
You feel strangely unstable.
The water nymph shouts!
The water nymph points at you and mumbles some strange words.
The water swirls and strikes you!
You die...

≈≈≈≈≈≈(##
#≈≈≈≈≈≈≈≈≈≈≈≈≈≈≈≈≈
≈≈≈≈≈c#
###(.≈≈≈≈≈≈≈≈≈≈≈≈≈≈≈≈
≈≈≈≈≈≈
##....≈≈≈≈≈≈≈≈≈≈≈≈≈≈≈≈
≈≈≈≈≈≈
#....≈≈≈≈≈≈≈≈≈≈≈≈≈≈≈≈≈
≈≈≈≈≈≈
#....≈≈≈≈≈≈≈≈≈≈≈≈≈≈≈≈≈
≈≈≈
#..≈≈≈.)≈≈≈≈≈≈≈≈≈≈≈≈≈≈
.####..≈(...≈≈≈≈≈≈≈≈≈≈≈≈≈
.....≈..≈.#.≈≈..≈≈≈..≈≈≈≈
....m≈.≈@...≈(≈......≈≈≈≈
..≈≈##..≈≈...≈≈.###(.≈≈..
.... ##.≈≈≈≈....###(..≈≈.
.. ..≈≈≈≈≈............≈
.≈≈≈≈≈≈............≈
...≈≈≈≈.......#....≈≈
....≈≈≈≈≈.....###...≈≈
≈≈≈.≈≈≈≈≈≈≈≈....##....≈
≈≈≈≈≈≈≈≈≈.≈.....≈≈≈


You could see a water nymph.

Vanquished Creatures
  Gastronok (D:8)
  Harold (D:7)
  A boulder beetle (D:11)
  2 hydras (Lair:2)
  4 two-headed ogres
  Urug (D:12)
  2 sea snakes (Shoals:1)
  A fire crab (Shoals:1)
  An unseen horror (D:13)
  2 orc knights (Bailey)
  An oklob plant (D:11)
  5 fauns (Shoals:1)
  3 ugly things
  2 cyclopes (Shoals:1)
  2 manticores
  A merfolk siren (Shoals:1)
  A gargoyle (D:11)
  An elephant (Lair:2)
  A water nymph (Shoals:1)
  A cane toad (Lair:1)
  3 centaur skeletons
  Joseph (D:7)
  A rime drake (Lair:2)
  A komodo dragon (D:14)
  A troll (shapeshifter) (D:11)
  4 merfolk (Shoals:1)
  4 wind drakes
  Prince Ribbit (D:7)
  A hornet (D:10)
  2 snapping turtles (Shoals:1)
  A shadow (D:13)
  A vampire (D:11)
  3 water elementals (Shoals:1)
  13 yaks (Lair:2)
  A wraith (D:13)
  A steam dragon (Lair:2)
  Menkaure (D:6)
  Duvessa (D:7)
  An acid dragon (D:11)
  10 water moccasins
  An eye of draining (D:11)
  9 orc warriors
  2 ice beasts
  2 sky beasts (D:11)
  9 ogres
  2 phantoms
  2 centaurs
  A big kobold (D:9)
  6 bullfrogs
  A water moccasin zombie (D:9)
  3 scorpions
  Dowan (D:7)
  A troll zombie (D:12)
  9 killer bees (D:7)
  3 wights (D:13)
  A quasit (D:6)
  3 jellies
  12 orc wizards
  6 orc priests
  3 hounds
  2 bullfrog skeletons
  5 iguanas
  Natasha (twice) (D:2)
  6 worker ants
  An ogre zombie (D:12)
  A hound zombie (D:11)
  A hound skeleton (D:10)
  Robin (D:4)
  4 gnolls (D:4)
  18 adders
  A shadow imp (D:6)
  2 white imps (D:7)
  3 ufetubi
  An ooze (D:2)
  3 worms
  A dart slug (D:1)
  5 leopard geckos
  39 orcs
  A ball python (D:4)
  6 giant cockroaches
  10 goblins
  8 hobgoblins
  10 jackals
  4 quokkas
  11 bats
  6 frilled lizards
  A goblin zombie (D:12)
  A hobgoblin zombie (D:12)
  14 kobolds
  2 orc zombies (D:12)
  2 quokka skeletons
  9 rats
344 creatures vanquished.

Vanquished Creatures (collateral kills)
  A faun (Shoals:1)
  2 snapping turtles (Shoals:1)
3 creatures vanquished.

Vanquished Creatures (others)
  A fungus (Lair:2)
  20 plants
21 creatures vanquished.

Grand Total: 368 creatures vanquished

Notes
Turn   | Place    | Note
-------+----------+-------------------------------------------
     0 | D:1      | OdinFK the Minotaur Berserker began the quest for the Orb.
     0 | D:1      | Reached XP level 1. HP: 19/19 MP: 0/0
   150 | D:1      | Reached XP level 2. HP: 27/27 MP: 1/1
   569 | D:1      | Reached ** piety under Trog
   826 | D:2      | Reached XP level 3. HP: 32/33 MP: 2/2
   879 | D:2      | Reached skill level 1 in Throwing
   990 | D:2      | Noticed Sigmund
  1010 | D:3      | Reached XP level 4. HP: 40/41 MP: 3/3
  1424 | D:2      | Found a glowing silver altar of Zin.
  1432 | D:2      | Noticed Natasha
  1448 | D:2      | Killed Natasha
  1541 | D:2      | Noticed Natasha
  1551 | D:2      | Killed Natasha
  1552 | D:2      | Reached XP level 5. HP: 43/47 MP: 4/4
  1661 | D:3      | Reached skill level 5 in Fighting
  1765 | D:3      | Reached *** piety under Trog
  1797 | D:3      | Reached skill level 5 in Maces & Flails
  1935 | D:3      | Noticed an ogre
  1943 | D:3      | Killed an ogre
  1944 | D:3      | Reached XP level 6. HP: 56/56 MP: 5/5
  2556 | D:4      | Reached skill level 5 in Armour
  2739 | D:4      | Noticed Robin
  2749 | D:4      | Killed Robin
  2897 | D:5      | Entered Level 5 of the Dungeon
  3073 | D:5      | Reached XP level 7. HP: 63/63 MP: 6/6
  3216 | D:5      | Found a broken altar of Ashenzari.
  3712 | D:6      | Found the +8 frozen axe "Frostbite" {freezing cloud, *Noise
                  | +Fly rC+}
  3807 | D:6      | Reached skill level 1 in Axes
  3807 | D:6      | Reached XP level 8. HP: 54/73 MP: 7/7
  3833 | D:6      | Reached **** piety under Trog
  3870 | D:6      | Noticed Menkaure
  3874 | D:6      | Killed Menkaure
  4187 | D:7      | Noticed Prince Ribbit
  4244 | D:7      | Noticed Duvessa
  4244 | D:7      | Noticed Dowan
  4252 | D:7      | Killed Dowan
  4254 | D:7      | Killed Duvessa
  4277 | D:7      | Noticed Joseph
  4429 | D:7      | Reached ***** piety under Trog
  4457 | D:7      | Noticed Harold
  4466 | D:7      | Killed Harold
  4467 | D:7      | Reached skill level 10 in Fighting
  4467 | D:7      | Reached skill level 5 in Axes
  4467 | D:7      | Reached XP level 9. HP: 85/85 MP: 8/8
  4763 | D:7      | Killed Prince Ribbit
  4770 | D:7      | Killed Joseph
  4927 | D:7      | Found a staircase to the Ecumenical Temple.
  4953 | Temple   | Entered the Ecumenical Temple
  5032 | D:8      | Found a flagged portal.
  5032 | D:8      | Noticed Gastronok
  5039 | D:8      | Killed Gastronok
  5039 | D:8      | Received a gift from Trog
  5040 | D:8      | Reached skill level 10 in Armour
  5040 | D:8      | Reached XP level 10. HP: 96/96 MP: 9/9
  5081 | Bailey   | Entered a bailey
  5141 | Bailey   | Noticed an orc knight
  5208 | Bailey   | Noticed an orc knight
  5447 | Bailey   | Killed an orc knight
  5448 | Bailey   | Reached skill level 1 in Evocations
  5757 | Bailey   | Killed an orc knight
  5892 | D:8      | Identified the Incunabulum of the Cloudy Compass
  6669 | D:9      | Found a sacrificial altar of Ru.
  6776 | D:9      | Noticed a two-headed ogre
  6781 | D:9      | Killed a two-headed ogre
  6782 | D:9      | Reached XP level 11. HP: 104/104 MP: 10/10
  6977 | D:10     | Entered Level 10 of the Dungeon
  7138 | D:10     | You fall into a shaft and drop 3 floors!
  7176 | D:13     | Killed an unseen horror
  7215 | D:14     | Reached skill level 10 in Axes
  7218 | D:15     | Entered Level 15 of the Dungeon
  7219 | D:15     | Noticed an orc knight
  7342 | D:12     | Noticed a red ugly thing
  7360 | D:12     | Killed a red ugly thing
  7385 | D:12     | Noticed Urug
  7399 | D:12     | Killed Urug
  7564 | D:11     | Found a staircase to the Lair.
  7568 | D:11     | Noticed an oklob plant
  7631 | D:11     | Killed an oklob plant
  7637 | Lair:1   | Entered Level 1 of the Lair of Beasts
  7641 | D:11     | Noticed a boulder beetle
  7655 | D:11     | Killed a boulder beetle
  7698 | D:11     | Noticed a two-headed ogre
  7741 | D:11     | Killed a two-headed ogre
  7766 | D:11     | Noticed a two-headed ogre
  7774 | D:11     | Killed a two-headed ogre
  7832 | D:11     | Noticed a two-headed ogre
  7840 | D:11     | Killed a two-headed ogre
  7841 | D:11     | Reached XP level 12. HP: 63/115 MP: 11/11
  8220 | D:11     | Found Seom's General Store.
  8228 | D:11     | Bought a +1 pair of boots for 149 gold pieces
  8780 | Lair:2   | Got a shimmering plate armour
  8797 | Lair:2   | Identified the cursed +1 plate armour of the Heavens
                  | {*Drain rF+++ Dex+2} (You found it on level 2 of the Lair
                  | of Beasts)
  8816 | Lair:2   | Noticed a five-headed hydra
  8825 | Lair:2   | Killed a nine-headed hydra
  9110 | Lair:2   | Found a staircase to the Snake Pit.
  9137 | Lair:2   | Found a sparkling altar of Nemelex Xobeh.
  9302 | Lair:2   | Noticed a six-headed hydra
  9311 | Lair:2   | Killed a six-headed hydra
  9312 | Lair:2   | Reached ****** piety under Trog
  9333 | Lair:2   | Reached skill level 5 in Evocations
  9334 | Lair:2   | Received a gift from Trog
  9405 | Lair:2   | Found a staircase to the Shoals.
  9580 | Shoals:1 | Entered Level 1 of the Shoals
 10057 | Shoals:1 | Reached XP level 13. HP: 77/124 MP: 12/12
 10649 | Shoals:1 | HP: 2/125 [water nymph/the raging water (12)]
 10656 | Shoals:1 | Killed from afar by a water nymph

Illustrated notes

Levels and vault maps discovered:
D:1:      dpeg_arrival_renting, layout_loops_corners, minmay_bisected
D:2:      layout_loops_cross, general_overflow_altar, serial_bayou_pond_a,
          uniq_natasha, uniq_sigmund
D:3:      layout_basic
D:4:      layout_basic, uniq_robin
D:5:      layout_cave_pods, evilmike_ruin_ashenzari
D:6:      layout_basic, amcnicky_mini_corridor_feature, uniq_menkaure
D:7:      layout_basic, minmay_temple_entry_trees, uniq_duvessa,
          uniq_prince_ribbit1, uniq_harold, uniq_joseph
D:8:      layout_cave_pools, enter_bailey_2, uniq_gastronok
D:9:      layout_stronghold, nicolae_ru_path_of_blood
D:10:     layout_roguey
D:11:     minmay_bloctagon, layout_basic, dpeg_oklobed_lair, serial_shops,
          nicolae_shop_stone
D:12:     layout_basic, zombieorc1_lemuel, serial_bayou_pond_d,
          kennysheep_minor_cross, uniq_urug
D:13:     layout_rooms, ebering_ghost_disaster_area
D:14:     layout_basic, david_vaults_2, serial_bayou_shore_b,
          chequers_big_river, minmay_pinched_square
D:15:     grunt_enter_depths_hoard, layout_long_grid, serial_shops, shop,
          nemelex_xobeh_ov_fountains_minmay
Temple:   regret_index_temple_sigil_plot
Lair:1:   layout_misc_corridors
Lair:2:   layout_regular_city, minmay_shoals_entry_beasts,
          minmay_snake_entry_six_corridors, basic_altar, st_stairs_7
Shoals:1: layout_shoals, hangedman_shoal_volcano

Skill      XL: |  1  2  3  4  5  6  7  8  9 10 11 12 13 |
---------------+----------------------------------------+-----
Fighting       | 4 5 6 7 10 11 12 13 14 | 14.8
Maces & Flails | 4 5 6 7 |  7.3
Armour         | 3 4 5 6 8 10 11 12 13 14 | 14.0
Throwing       | 1 2 |  2.0
Axes           | 1 5 8 9 12 13 | 13.3
Slings         | 2 |  2.3
Evocations     | 2 3 6 |  6.0
Dodging        | |  2.1

Action                   |  1- 3 |  4- 6 |  7- 9 | 10-12 | 13-15 || total
-------------------------+-------+-------+-------+-------+-------++-------
Melee: Mace              |    75 |   154 |    42 |       |       ||   271
       Headbutt          |     8 |    31 |    26 |    72 |    10 ||   147
       Executioner's axe |       |       |    89 |   314 |    43 ||   446
       Unarmed           |       |       |     8 |       |       ||     8
Throw: Dart              |    12 |    18 |     7 |     3 |     2 ||    42
Invok: Berserk           |       |     3 |     5 |     4 |       ||    12
       Trog's Hand       |       |       |     2 |     1 |     2 ||     5
       Brothers in Arms  |       |       |       |       |     1 ||     1
 Abil: Evoke Flight      |       |       |       |     6 |       ||     6
Evoke: Wand              |       |       |       |     9 |     1 ||    10
       Lightning rod     |       |       |       |     3 |       ||     3
  Use: Scroll            |       |     3 |     7 |    15 |     4 ||    29
       Potion            |       |       |       |       |     1 ||     1
 Stab: Sleeping          |     1 |       |       |       |       ||     1
       Confused          |       |       |     2 |       |       ||     2
Armor: Ring mail         |    23 |       |       |       |       ||    23
       Plate armour      |    25 |   106 |    91 |   104 |       ||   326
       Crystal plate arm |       |       |       |   206 |    43 ||   249
Dodge: Dodged            |    41 |    39 |    49 |   145 |    18 ||   292
Block: Buckler           |       |    22 |     5 |       |       ||    27
